 Dungeon Crawl Stone Soup version 0.20.1-1-g8b1a95d (webtiles) character file.

148 digijack the Chopper (level 5, -3/32 HPs)
             Began as a Tengu Wanderer on Jan 1, 2018.
             Slain by Grinder (6 damage)
             ... on level 3 of the Dungeon.
             The game lasted 00:19:31 (2763 turns).

digijack the Chopper (Tengu Wanderer)               Turns: 2763, Time: 00:19:31

Health: -3/32      AC:  6    Str: 11    XL:     5   Next: 30%
Magic:  7/7        EV:  9    Int: 12    God:
Gold:   116        SH:  2    Dex: 16    Spells: 6/6 levels left

rFire    . . .     SeeInvis +   a - +2 hand axe
rCold    . . .     Gourm    .   (no shield)
rNeg     . . .     Faith    .   b - +1 ring mail
rPois    .         Spirit   .   (helmet restricted)
rElec    .         Reflect  +   (no cloak)
rCorr    .         Harm     .   (no gloves)
MR       .....                  (boots unavailable)
Stlth    +.........             e - +2 amulet of reflection
Regen    0.1/turn               j - ring of see invisible
MPRegen  0.1/turn               (no ring)

@: drained
A: beak, talons 3, able to fly 1
a: Fly


You were on level 3 of the Dungeon.
You were not hungry.

You visited 1 branch of the dungeon, and saw 3 of its levels.

You collected 116 gold pieces.

Inventory:

Hand Weapons
 a - a +2 hand axe (weapon)
Armour
 b - a +1 ring mail (worn)
Jewellery
 e - a +2 amulet of reflection (around neck)
 j - a ring of see invisible (left hand)
Scrolls
 c - 2 scrolls of teleportation
 i - 6 scrolls of identify
 k - 2 scrolls of remove curse
Potions
 g - 4 potions of curing
Comestibles
 d - 2 bread rations
 f - a chunk of flesh
 h - 3 royal jellies
 l - a meat ration


   Skills:
 + Level 3.4(3.3) Fighting
 + Level 4.7 Axes
 + Level 2.3 Armour
   Level 1.0(0.9) Shields
 - Level 1.1 Spellcasting
   Level 2.6 Air Magic
   Level 1.0(0.9) Evocations


You had 6 spell levels left.
You didn't know any spells.

Dungeon Overview and Level Annotations

Branches:
Dungeon (3/15)

Altars:

Annotations:
D:3 Grinder


Innate Abilities, Weirdness & Mutations

You have a beak for a mouth.
You have claws for feet.
You can fly.


Message History

Grinder hits you.
You writhe in agony.
You hit Grinder.
Grinder is heavily wounded.
Grinder says, "I used to sell toenails on the black market."
Grinder barely misses you.
You closely miss Grinder. You claw Grinder. Your peck misses Grinder.
Grinder is severely wounded.
Grinder hits you.
* * * LOW HITPOINT WARNING * * *
You writhe in agony.
* * * LOW HITPOINT WARNING * * *
You hit Grinder but do no damage. Your kick misses Grinder.
Grinder is severely wounded.
Grinder closely misses you.
You hit Grinder.
Grinder is severely wounded.
Grinder hits you.
* * * LOW HITPOINT WARNING * * *
You writhe in agony.
You die...

#.#.#.# #.#.#.# #.#.#.#
#.#.#.# #.#.#.#
#####.#.#.# ....).....#
#####.#.################
......#.........@5......
#####.#.################
#####


You could see Grinder.

Vanquished Creatures
  Ijyb (D:3)
  Robin (D:3)
  3 adders
  An ooze (D:1)
  A worm (D:2)
  A dart slug (D:1)
  2 leopard geckos (D:1)
  2 orcs (D:3)
  4 giant cockroaches
  16 goblins
  8 hobgoblins
  3 jackals (D:3)
  8 bats
  4 frilled lizards
  9 kobolds
  6 rats
70 creatures vanquished.

Notes
Turn   | Place    | Note
-------+----------+-------------------------------------------
     0 | D:1      | digijack the Tengu Wanderer began the quest for the Orb.
     0 | D:1      | digijack set off with: a +2 hand axe, a +0 ring mail, a scroll of teleportation, a bread ration
     0 | D:1      | Reached XP level 1. HP: 12/12 MP: 3/3
   189 | D:1      | Reached XP level 2. HP: 17/17 MP: 4/4
   317 | D:1      | Reached skill level 1 in Armour
   542 | D:1      | Reached XP level 3. HP: 21/22 MP: 5/5
  1332 | D:2      | Reached skill level 4 in Axes
  1708 | D:2      | Reached XP level 4. HP: 27/27 MP: 6/6
  1972 | D:3      | Noticed Ijyb
  2017 | D:3      | Killed Ijyb
  2378 | D:3      | Noticed Robin
  2494 | D:3      | Gained mutation: You can fly. [Tengu growth]
  2494 | D:3      | Reached XP level 5. HP: 32/32 MP: 7/7
  2520 | D:3      | Killed Robin
  2749 | D:3      | Noticed Grinder
  2763 | D:3      | Slain by Grinder

Skill      XL: |  1  2  3  4 |
---------------+-------------+-----
Armour         | 1 2 |  2.3
Axes           | 4 |  4.7
Fighting       | 3 |  3.4
Shields        | |  1.0
Spellcasting   | |  1.1
Air Magic      | |  2.6
Evocations     | |  1.0

Action                   |  1- 3 |  4- 6 || total
-------------------------+-------+-------++-------
Melee: Hand axe          |    90 |    89 ||   179
       Kick              |    19 |    14 ||    33
       Peck              |    17 |     9 ||    26
  Use: Scroll            |     7 |     2 ||     9
       Potion            |     2 |     2 ||     4
  Eat: Chunk             |     3 |     3 ||     6
Armor: Ring mail         |    36 |    37 ||    73
Dodge: Dodged            |    38 |    28 ||    66
Block: Other             |     4 |     2 ||     6
